 Dungeon Crawl Stone Soup version 0.28.0 (webtiles) character file.

Game seed: 6796888235102264177

3070 crazypyro the Severer (level 9, -1/71 HPs)
             Began as a Minotaur Fighter on Feb 9, 2022.
             Was an Initiate of Gozag.
             Slain by a shadow (5 damage)
             ... on level 8 of the Dungeon.
             The game lasted 00:06:46 (6660 turns).

crazypyro the Severer (Minotaur Fighter)            Turns: 6660, Time: 00:06:47

Health: -1/71      AC: 11    Str: 24    XL:     9   Next: 58%
Magic:  0/0        EV: 13    Int:  7    God:    Gozag
Gold:   635        SH:  4    Dex: 11    Spells: 8/8 levels left

rFire   + . .      SeeInvis .   a - +5 war axe (vamp)
rCold   . . .      Faith    .   c - +0 buckler
rNeg    . . .      Spirit   .   b - +0 scale mail
rPois   .          Reflect  .   (helmet restricted)
rElec   .          Harm     .   v - +0 cloak "Winex" {+Blink rF+ MP-9 Int+2}
rCorr   .          Rampage  .   j - +0 pair of gloves
Will    .....                   o - +1 pair of boots
Stlth   ..........              h - amulet of magic regeneration
HPRegen 0.21/turn               m - +4 ring of evasion
MPRegen 0.47/turn               (no ring)

@: no status effects
A: horns 2, retaliatory headbutt
a: Renounce Religion, Evoke Blink, Potion Petition, Call Merchant, Bribe Branch


You were on level 8 of the Dungeon.
You worshipped Gozag.
Gozag was pleased with you.
You visited 2 branches of the dungeon, and saw 9 of its levels.

You collected 1680 gold pieces.
You spent 335 gold pieces at shops.
You paid 710 gold pieces to Gozag.

Inventory:

Hand Weapons
 a - a +5 vampiric war axe (weapon)
 H - a +0 vorpal broad axe
Missiles
 x - a throwing net (quivered)
Armour
 b - a +0 scale mail (worn)
 c - a +0 buckler (worn)
 j - a +0 pair of gloves (worn)
 o - a +1 pair of boots (worn)
 p - a +0 cloak
 v - the +0 cloak "Winex" (worn) {+Blink rF+ MP-9 Int+2}
   (You found it on level 5 of the Dungeon)

   Int:       It affects your intelligence (+2).
   rF:        It protects you from fire.
   MP:        It affects your magic capacity (-9).
   +Blink:    It lets you blink.
Jewellery
 h - an amulet of magic regeneration (around neck)
 m - a +4 ring of evasion (left hand)
 n - a ring of fire
 B - a ring of ice
Wands
 u - a wand of flame (20)
 D - a wand of digging (5)
Scrolls
 f - 5 scrolls of identify
 g - a scroll of fog
 l - 4 scrolls of teleportation
 w - a scroll of vulnerability {unknown}
 y - a scroll of blinking {unknown}
 A - a scroll of fear {unknown}
 C - a scroll of summoning {unknown}
 E - a scroll of magic mapping {unknown}
 G - a scroll of amnesia
Potions
 d - 2 potions of brilliance {unknown}
 e - 2 potions of heal wounds {unknown}
 i - 3 potions of curing
 k - 2 potions of resistance
 q - 4 potions of mutation {unknown}
 r - a potion of attraction {unknown}
 s - a potion of flight {unknown}
 t - a potion of ambrosia
 z - 2 potions of degeneration {unknown}
 F - a potion of might
 I - a potion of haste {unknown}


   Skills:
 - Level 4.0 Fighting
 * Level 15.3 Axes
 - Level 4.8 Armour
 - Level 4.0 Shields


You had 8 spell levels left.
You didn't know any spells.
Your spell library contained the following spells:

 Spells                   Type           Power      Damage    Failure   Level
 Animate Skeleton         Necr           0%         N/A       82%         1
 Magic Dart               Conj           0%         1d3       82%         1
 Sandblast                Erth           0%         2d4       82%         1
 Shock                    Conj/Air       0%         1d3       82%         1
 Slow                     Hex            0%         N/A       82%         1
 Call Imp                 Summ           0%         N/A       91%         2
 Passwall                 Tmut/Erth      0%         N/A       91%         2
 Confusing Touch          Hex            0%         N/A       99%         3
 Ignite Poison            Fire/Tmut/Pois 0%         N/A       99%         3
 Mephitic Cloud           Conj/Pois/Air  0%         N/A       99%         3
 Stone Arrow              Conj/Erth      0%         3d7       99%         3
 Swiftness                Air            0%         N/A       99%         3
 Vampiric Draining        Necr           0%         2d6       99%         3
 Airstrike                Air            0%         N/A       100%        4
 Anguish                  Hex/Necr       0%         N/A       100%        4
 Dispel Undead            Necr           0%         3d6       100%        4
 Borgnjor's Vile Clutch   Necr/Erth      0%         N/A       100%        5
 Fireball                 Conj/Fire      0%         3d3       100%        5
 Freezing Cloud           Conj/Ice/Air   0%         6-21      100%        5
 Death Channel            Necr           0%         N/A       100%        6
 Starburst                Conj/Fire      0%         6d3       100%        6
 Ignition                 Fire           0%         3d3       100%        8


Dungeon Overview and Level Annotations

Branches:
Dungeon (8/15)             Temple (1/1) D:6
   Lair: D:8-11

Altars:
Ashenzari
Cheibriados
Dithmenos
Elyvilon
Fedhas
Gozag
Hepliaklqana
Kikubaaqudgha
Makhleb
Nemelex Xobeh
Okawaru
Qazlal
Ru
Trog
Uskayaw
Vehumet
Wu Jian
Xom
Zin

Shops:
D:4 *   D:5 :   D:7 ?   D:8 (

Annotations:
D:6 1 runed translucent door, 2 transporters, Crazy Yiuf; GilGalad's ghost, amateur MiFi


Innate Abilities, Weirdness & Mutations

You have a pair of horns on your head.
You reflexively headbutt those who attack you in melee.


Message History

You headbutt the hornet, but do no damage.
The hornet is severely wounded.
You barely miss the shadow.
You feel sick. The hornet stings you.
You suddenly lose the ability to move!
You feel sick. The hornet stings you!
You feel yourself slow down. The shadow hits you. The hornet stings you!
You feel as though you will be slow longer.
You feel yourself speed up.
You feel sick.
The hornet stings you but does no damage.
The shadow hits you.
You can move again.
You hit the shadow but do no damage. You hit the hornet.
You feel sick.
The hornet stings you but does no damage.
The shadow slips into darkness.
The shadow flickers and vanishes!
Deactivating autopickup; reactivate with Ctrl-A.
The hornet misses you. You furiously retaliate!
You headbutt the hornet!
You kill the hornet!
You barely miss something. Your headbutt misses something.
You feel sick.
The shadow strikes at you from the darkness!
* * * LOW HITPOINT WARNING * * *
Reactivating autopickup.
You barely miss the shadow.
You feel sick. The shadow hits you!
* * * LOW HITPOINT WARNING * * *
You closely miss the shadow. You headbutt the shadow!
The shadow is moderately damaged.
You feel sick.
You are no longer poisoned.
You block the shadow's attack.
You closely miss the shadow. Your headbutt misses the shadow.
The shadow is moderately damaged.
You barely miss the shadow. Your headbutt misses the shadow.
The shadow is moderately damaged.
You block the shadow's attack.
You hit the shadow.
The shadow is moderately damaged.
The shadow hits you.
You die...
Your body crumbles into a pile of gold.

.........
#..#.#.....#
#..#.#.....#
#..#.......+
######..###.....####
.....#.............#
#.......###.>..##.#
##.......###.#)..#.#
#..[..$@.....#.#.#.#
......W......+.#.#.#
#............#.#.#.#
#........#####...#.#
#........#########.#
#........#.........#
#.#####+##.....#####
....#.#.#
.............# #.
#.......#
..........##.#


You could see a shadow.

Vanquished Creatures
  A two-headed ogre (D:8)
  A hornet (D:8)
  Sigmund (D:4)
  Duvessa (D:4)
  A sky beast (D:5)
  A necrophage (D:6)
  2 ice beasts
  3 black bears
  A centaur (D:8)
  3 ogres
  A kobold brigand (D:7)
  2 bullfrogs (D:7)
  A scorpion (D:6)
  A wyvern skeleton (D:7)
  Dowan (D:4)
  2 jellies
  3 hounds
  A bullfrog skeleton (D:6)
  An orc priest (D:8)
  2 iguanas (D:6)
  A centaur skeleton (D:7)
  6 orc wizards
  10 adders
  3 gnolls (D:7)
  3 white imps (D:6)
  2 ufetubi
  4 worms
  3 dart slugs
  11 orcs
  3 endoplasms
  4 giant cockroaches
  11 goblins
  13 hobgoblins
  A jackal (D:2)
  9 kobolds
  4 quokkas
  4 ball pythons
  6 bats
  4 frilled lizards
  2 rats (D:2)
134 creatures vanquished.

Notes
Turn   | Place    | Note
-------+----------+-------------------------------------------
     0 | D:1      | crazypyro the Minotaur Fighter began the quest for the Orb.
     0 | D:1      | Reached XP level 1. HP: 19/19 MP: 0/0
   218 | D:1      | Reached XP level 2. HP: 27/27 MP: 1/1
   337 | D:1      | Reached skill level 3 in Axes
   522 | D:2      | Found a shadowy altar of Dithmenos.
   776 | D:2      | Identified a scroll of acquirement
   776 | D:2      | Acquired 903 gold pieces
   945 | D:2      | Reached XP level 3. HP: 33/33 MP: 2/2
  1493 | D:2      | Reached skill level 4 in Axes
  1753 | D:3      | Reached XP level 4. HP: 40/40 MP: 3/3
  2118 | D:3      | Found a hide-covered altar of Uskayaw.
  2298 | D:3      | Reached skill level 5 in Axes
  2301 | D:3      | Reached XP level 5. HP: 36/46 MP: 4/4
  3042 | D:4      | Found Newkoss's Assorted Antiques.
  3050 | D:4      | Bought a tiny emerald amulet for 125 gold pieces
  3075 | D:4      | Noticed Dowan
  3076 | D:4      | Noticed Duvessa
  3085 | D:4      | Killed Dowan
  3086 | D:4      | Reached skill level 6 in Axes
  3087 | D:4      | Killed Duvessa
  3088 | D:4      | Reached skill level 7 in Axes
  3088 | D:4      | Reached XP level 6. HP: 17/52 MP: 5/5
  3533 | D:4      | Reached skill level 8 in Axes
  3564 | D:4      | Noticed Sigmund
  3573 | D:4      | Killed Sigmund
  3574 | D:4      | Reached XP level 7. HP: 53/59 MP: 6/6
  3680 | D:4      | Found an iron altar of Okawaru.
  4024 | D:4      | Found a sparkling altar of Nemelex Xobeh.
  4026 | D:4      | Found a sacrificial altar of Ru.
  4026 | D:4      | Found a broken altar of Ashenzari.
  4044 | D:4      | Found a blossoming altar of Fedhas.
  4091 | D:5      | Entered Level 5 of the Dungeon
  4158 | D:5      | Reached skill level 9 in Axes
  4227 | D:5      | Identified the +0 cloak "Winex" {+Blink rF+ MP-9 Int+2}
  4279 | D:5      | Found Ogilacsa's Book Emporium.
  4297 | D:5      | Reached skill level 10 in Axes
  4409 | D:5      | Reached XP level 8. HP: 59/66 MP: 0/7
  4492 | D:5      | Identified the +3 trident of Salaed {flame, Str+3}
  4555 | D:6      | Reached skill level 11 in Axes
  4669 | D:6      | Noticed GilGalad's ghost (amateur MiFi)
  4675 | D:6      | Noticed a hornet
  4677 | D:6      | Noticed a queen bee
  4810 | D:6      | Found a runed translucent door.
  4811 | D:6      | Noticed Crazy Yiuf
  4900 | D:6      | Found a staircase to the Ecumenical Temple.
  4918 | Temple   | Entered the Ecumenical Temple
  4953 | Temple   | Became a worshipper of Gozag Ym Sagoz the Greedy
  5021 | D:6      | Reached skill level 12 in Axes
  5359 | D:6      | Found a transporter.
  5364 | D:6      | Found a transporter.
  5535 | D:7      | Found Xaujubb's Magic Scroll Boutique.
  5556 | D:7      | Reached skill level 13 in Axes
  5576 | D:7      | Bought a scroll of enchant weapon for 90 gold pieces
  5670 | D:7      | Got the Papyrus of Stolen Souls
  5794 | D:7      | Found a bloodstained altar of Trog.
  6353 | D:8      | Reached XP level 9. HP: 61/71 MP: 0/8
  6416 | D:8      | Noticed a two-headed ogre
  6430 | D:8      | Killed a two-headed ogre
  6431 | D:8      | Reached skill level 14 in Axes
  6558 | D:8      | Bought a +0 vorpal broad axe for 120 gold pieces
  6619 | D:8      | Reached skill level 15 in Axes
  6651 | D:8      | Paralysed by a hornet for 2 turns
  6660 | D:8      | Slain by a shadow

Illustrated notes

Levels and vault maps discovered:
D:1:      dpeg_arrival_tiny_e, layout_rooms, minivault_26
D:2:      minmay_razor_zed, layout_basic, basic_altar, minmay_ruptured
D:3:      layout_loops_corners, nicolae_uskayaw_dance_hall, grunt_ministairs_7,
          corexii_corridor_pit, kennysheep_nondescript
D:4:      layout_basic, kennysheep_okawaru_gauntlet, kennysheep_mini,
          grunt_temple_overflow_diamond, serial_shops,
          nicolae_shop_hallway_stairs, solitary_fountain, uniq_sigmund,
          uniq_duvessa
D:5:      layout_basic, corexii_item_surrounded_by_moat,
          chequers_serial_rivers_micro_d, nicolae_stop_n_shop_1
D:6:      layout_basic, minmay_temple_entry_tees, gammafunk_ghost_hive,
          uniq_crazy_yiuf_cottage
D:7:      layout_loops_cross, lemuel_coloured_pillars_altar, serial_shops,
          nicolae_shop_temple_entry_statues_fountains
D:8:      layout_basic, mainiacjoe_overflow_alcove_1, bh_walls_and_bars
Temple:   pdpol_scorched_temple

Skill      XL: |  1  2  3  4  5  6  7  8  9 |
---------------+----------------------------+-----
Axes           | 3 4 5 7 8 10 13 15 | 15.3
Shields        | 4 |  4.0
Fighting       | 4 |  4.0
Armour         | 4 |  4.8

Action                   |  1- 3 |  4- 6 |  7- 9 || total
-------------------------+-------+-------+-------++-------
Melee: War axe           |    79 |    81 |   159 ||   319
       Headbutt          |     8 |    14 |    24 ||    46
Invok: Call Merchant     |       |       |     1 ||     1
  Use: Scroll            |     3 |     8 |     3 ||    14
       Potion            |       |     1 |       ||     1
 Stab: Distracted        |       |       |     2 ||     2
Armor: Scale mail        |    46 |    41 |    65 ||   152
Dodge: Dodged            |    40 |    34 |    98 ||   172
Block: Buckler           |    16 |    16 |    38 ||    70
